 Dungeon Crawl Stone Soup version 0.30-a0-718-geaa24f58ff (webtiles) character file.

Game seed: 1299483259864244563

11 ASSMAN the Shield-Bearer (level 2, -6/26 HPs)
             Began as a Meteoran Fighter on Jan 25, 2023.
             Mangled by an iguana (10 damage)
             ... on level 2 of the Dungeon.
             The game lasted 00:00:30 (304 turns).

ASSMAN the Shield-Bearer (Meteoran Fighter)          Turns: 304, Time: 00:00:31

Health: -6/26      AC:  8    Str: 17    XL:     2   Next: 58%
Magic:  3/3        EV:  9    Int:  9    God:
Gold:   29         SH:  5    Dex: 13    Spells: 1/1 levels left

rFire   . . .      SeeInvis .    a - +0 flail
rCold   . . .      Faith    .    c - +0 buckler
rNeg    . . .      Spirit   .    b - +0 scale mail
rPois   .          Reflect  .    (no helmet)
rElec   .          Harm     .    (no cloak)
rCorr   .          Rampage  .    (no gloves)
Will    .....                    h - +0 pair of boots Stlth
                                 (no amulet)
HPRegen 0.24/turn                (no ring)
MPRegen 0.08/turn                (no ring)

@: glowing
A: sense surroundings 1, otherworldly, glowing, explore regen
a: no special abilities


You were on level 2 of the Dungeon.
You visited 1 branch of the dungeon, and saw 2 of its levels.

You collected 29 gold pieces.

Inventory:

Hand Weapons
 a - a +0 flail (weapon)
Armour
 b - a +0 scale mail (worn)
 c - a +0 buckler (worn)
 h - a +0 pair of boots (worn)
Scrolls
 e - a scroll of identify {unknown}
 f - a scroll of teleportation {unknown}
 g - a scroll of enchant weapon {unknown}
Potions
 d - a potion of might


   Skills:
 + Level 3.5 Fighting
 + Level 3.0 Maces & Flails
 + Level 3.8 Armour
 + Level 3.8 Shields


You had one spell level left.
You didn't know any spells.
Your spell library was empty.

Dungeon Overview and Level Annotations

Branches:
Dungeon (2/15) Zot: 886

Altars:


Innate Abilities, Weirdness & Mutations

You passively map a small area around you.
You are easily found by Zot.
You glow in the dark.
You regain HP and MP as you explore.


Message History

You continue putting on your +0 pair of boots. x4
You finish putting on your +0 pair of boots.
Found a stone staircase leading down.
There is a stone staircase leading down here.
Found 4 stones.
You now have 29 gold pieces (gained 13).
Found a hand axe.
(D) Dungeon
Where to? (? - help)
There is a stone staircase leading down here.
You climb downwards.
Found an escape hatch in the ceiling.
There is a stone staircase leading up here.
A quokka comes into view.
A quokka is nearby!
You sock the quokka!
You kill the quokka!
No target in view!
No target in view!
An iguana comes into view.
The iguana hisses angrily.
The iguana moves out of view.
You block the iguana's attack.
You barely miss the iguana. The iguana bites you!
You closely miss the iguana.
The iguana bites you but does no damage.
You hit the iguana but do no damage. The iguana bites you!
The iguana bites you.
* * * LOW HITPOINT WARNING * * *
You are too injured to fight recklessly!
You hit the iguana.
The iguana is moderately wounded.
The iguana barely misses you.
You barely miss the iguana.
The iguana is moderately wounded.
You block the iguana's attack. x2
You hit the iguana.
The iguana is moderately wounded.
The iguana bites you!
You die...

, *,* , #.* * *, ..,
* *##.#### ,*
###.....# ####.####
.......# #......<# *
#.....# #.##.##.# *
#..l..# #.##.##.# ,*
#..@..# #.##.##.#
######.### #.##.##.#
#.......####.##.##<#
#.#.......##.......#
* #.##..#.#####.####
#.....#.......#
#.....#†.######
,..........# *
........#.## *


You could see an iguana.

Vanquished Creatures
  A dart slug (D:1)
  An endoplasm (D:1)
  3 hobgoblins (D:1)
  2 quokkas
  A ball python (D:1)
8 creatures vanquished.

Notes
Turn   | Place    | Note
-------+----------+-------------------------------------------
     0 | D:1      | ASSMAN the Meteoran Fighter began the quest for the Orb.
     0 | D:1      | Reached XP level 1. HP: 19/19 MP: 2/2
    69 | D:1      | Reached XP level 2. HP: 23/26 MP: 3/3
   304 | D:2      | Mangled by an iguana

Illustrated notes

Levels and vault maps discovered:
D:1:      minmay_arrival_three_doors, layout_loops_ring, minmay_surrounded
D:2:      layout_loops_cross, basic_altar, uniq_jessica

Skill      XL: |  1  2 |
---------------+-------+-----
Maces & Flails | 3 |  3.0
Fighting       | |  3.5
Armour         | |  3.8
Shields        | |  3.8

Action                     || total
---------------------------++-------
  Melee: Flail             ||    29
 Armour: Scale mail        ||     8
  Dodge: Dodged            ||     8
  Block: Buckler           ||     7

Table legend: (Time is in decaauts)
 A = Elapsed time spent in this place.
 B = Non-inter-level travel time spent in this place.
 C = Inter-level travel time spent in this place.
 D = Time resting spent in this place.
 E = Time spent auto-exploring this place.
 F = Levels seen in this place.
 G = Mean time per level.
                   A        B        C        D        E       F      G
               +--------+--------+--------+--------+--------+-----+--------+
         Total |    311 |    287 |     24 |      0 |    213 |   2 |  155.5 |
       Dungeon |    311 |    287 |     24 |      0 |    213 |   2 |  155.5 |
               +--------+--------+--------+--------+--------+-----+--------+

Top non-repeatable levels by time:
     D:1: 279 daAuts
     D:2: 32 daAuts
